 Dungeon Crawl Stone Soup version 0.22-a0-422-g9628fc8 (webtiles) character file.

63 iamserjio the Magician (level 3, -2/24 HPs)
             Began as a Mummy Earth Elementalist on May 16, 2018.
             Slain by an orc
             ... wielding a +0 trident
              (12 damage)
             ... on level 3 of the Dungeon.
             The game lasted 00:03:30 (2237 turns).

iamserjio the Magician (Mummy Earth Elementalist)   Turns: 2237, Time: 00:03:31

Health: -2/24      AC:  2    Str: 11    XL:     3   Next: 87%
Magic:  2/8        EV: 12    Int: 15    God:
Gold:   77         SH:  0    Dex: 12    Spells: 5/9 levels left

rFire    x . .     SeeInvis .   f - +0 dagger
rCold    + . .     Gourm    .   (no shield)
rNeg     + + +     Faith    .   c - +0 robe
rPois    ∞         Spirit   .   (no helmet)
rElec    .         Reflect  .   (no cloak)
rCorr    .         Harm     .   (no gloves)
MR       .....                  (no boots)
Stlth    ++........             (no amulet)
HPRegen  0.08/turn              (no ring)
MPRegen  0.11/turn              (no ring)

@: no status effects
A: no food or potions, fire vulnerability, cold resistance 1, negative energy
resistance 3, torment resistance, unbreathing
a: no special abilities


You were on level 3 of the Dungeon.
You were not hungry.

You visited 1 branch of the dungeon, and saw 3 of its levels.

You collected 77 gold pieces.

Inventory:

Hand Weapons
 f - a +0 dagger (weapon)
Missiles
 b - 58 stones (quivered)
Armour
 c - a +0 robe (worn)
Jewellery
 a - an uncursed ring of flight {unknown}
 h - an uncursed ring of see invisible {unknown}
 m - an uncursed ring of poison resistance {unknown}
Scrolls
 d - 2 scrolls of remove curse {unknown}
 e - a scroll of amnesia {unknown}
 g - 2 scrolls of identify {unknown}
 i - a scroll of enchant weapon {unknown}
 j - 2 scrolls of teleportation {unknown}
 k - a scroll of noise {unknown}
 l - a scroll of random uselessness {unknown}


   Skills:
 - Level 1.5 Dodging
 - Level 1.5 Stealth
 + Level 3.7 Spellcasting
   Level 0.7 Transmutations
 * Level 3.5 Earth Magic


You had 5 spell levels left.
You knew the following spells:

 Your Spells              Type           Power        Failure   Level  Hunger
a - Sandblast             Erth           ##....       4%          1    N/A
b - Stone Arrow           Conj/Erth      #.....       26%         3    N/A

Your spell library contained the following spells:

 Spells                   Type           Power        Failure   Level  Hunger
 Passwall                 Tmut/Erth      #.........   12%         2    N/A
 Lee's Rapid Deconstruct  Erth           ##........   75%         5    N/A
 Petrify                  Tmut/Erth      #.......     61%         4    N/A

Dungeon Overview and Level Annotations

Branches:
Dungeon (3/15)

Altars:

Annotations:
D:2 Terence
D:3 iamserjio's ghost, amateur MfSk


Innate Abilities, Weirdness & Mutations

You do not eat or drink.
Your flesh is vulnerable to fire.
You are immune to poison.
Your flesh is cold resistant. (rC+)
You are immune to negative energy. (rN+++)
You are immune to unholy pain and torment.
You can survive without breathing.


Message History

Aim: an orc, wielding a trident and wearing a chain mail The blast of sand hits the orc.
b - 58 stones The orc barely misses you.
The orc hits you with a trident.
Things that are here:
a whip; a leather armour You completely miss the orc.
The orc hits you with a trident!
You hit the orc but do no damage. The orc completely misses you.
The orc barely misses you.
There is a stone staircase leading down here.
An orc comes into view.
The orc shouts!
You hear an angry hiss.
You see here 21 poisoned needles.
A goblin comes into view.
There is a stone staircase leading up here.
The orc closely misses you.
The orc hits you from afar with a trident!
Ouch! That really hurt!
You die...

### ..# #.. ..#
#.# #.# ###
######.######.....
#...@oo..>))..#
#.g.####!##)....#
## #.##.###.#
#.##.# # #.##.#
..##.# ####.# #.#
#..# ####..#


You could see 2 orcs and a goblin.

Vanquished Creatures
  2 adders
  An ooze (D:2)
  3 dart slugs
  A leopard gecko (D:2)
  2 orcs (D:3)
  A giant cockroach (D:1)
  5 goblins (D:1)
  7 hobgoblins
  4 kobolds
  A bat (D:1)
  A frilled lizard (D:1)
  3 rats
31 creatures vanquished.

Notes
Turn   | Place    | Note
-------+----------+-------------------------------------------
     0 | D:1      | iamserjio the Mummy Earth Elementalist began the quest for the Orb.
     0 | D:1      | Reached XP level 1. HP: 13/13 MP: 4/4
   479 | D:1      | Reached XP level 2. HP: 19/19 MP: 3/6
  1033 | D:2      | Reached XP level 3. HP: 22/24 MP: 4/7
  1038 | D:2      | Learned a level 3 spell: Stone Arrow
  1738 | D:2      | Noticed Terence
  1957 | D:3      | Noticed iamserjio's ghost (amateur MfSk)
  2237 | D:3      | Slain by an orc

Vault maps used:
D:1:      nagdon_arrival_double_spiral
D:2:      uniq_sigmund, uniq_terence
D:3:      tgw_fedhas, first_ration, hangedman_decor_clover_reticule

Skill      XL: |  1  2 |
---------------+-------+-----
Spellcasting   | 3 |  3.7
Earth Magic    | 3 |  3.5
Dodging        | |  1.5
Stealth        | |  1.5
Transmutations | |  0.7

Action                   || total
-------------------------++-------
Melee: Dagger            ||    48
 Cast: Sandblast         ||    47
 Stab: Sleeping          ||     3
Armor: Robe              ||     5
Dodge: Dodged            ||    40

Table legend:
 A = Spawn XP
 B = Non-spawn XP
 C = Spawn XP percentage of total XP
 D = Spawn monster count
 E = Non-spawn monster count
 F = Spawn count percentage of total count
 G = Total turns spent on level
                    A         B        C        D         E        F      G
               +---------+---------+-------+---------+---------+-------+---------
         Total |       0 |      90 |   0.0 |       0 |      31 |   0.0 |  2237
               +---------+---------+-------+---------+---------+-------+---------
           D:1 |       0 |      32 |   0.0 |       0 |      17 |   0.0 |   967
           D:2 |       0 |      35 |   0.0 |       0 |       9 |   0.0 |  1137
           D:3 |       0 |      23 |   0.0 |       0 |       5 |   0.0 |   133
               +---------+---------+-------+---------+---------+-------+---------
